 Dungeon Crawl Stone Soup version 0.31.0-9-g3a7656b989 (webtiles) character file.

Game seed: 15264137147611773253

136 qw the Shooter (level 4, -7/36 HPs)
             Began as a Demigod Hunter on Feb 2, 2024.
             Killed from afar by Ijyb (13 damage)
             ... with a bolt of light
             ... on level 3 of the Dungeon.
             The game lasted 00:00:03 (1548 turns).

qw the Shooter (Demigod Hunter)                     Turns: 1548, Time: 00:00:04

Health: -7/36      AC:  3    Str: 12    XL:     4   Next: 67%
Magic:  6/6        EV: 12    Int: 11    God:
Gold:   103        SH:  0    Dex: 21    Spells: 3/3 levels left

rFire   . . .        e - +0 orcbow (heavy)
rCold   . . .        (shield currently unavailable)
rNeg    . . .        c - +0 leather armour
rPois   .            (no helmet)
rElec   .            (no cloak)
rCorr   .            (no gloves)
SInv    .            (no boots)
Will    .....        (no amulet)
Stlth   ++           (no ring)
HPRegen 0.26/turn    (no ring)
MPRegen 0.10/turn

%: no passive effects
@: on berserk cooldown, slowed, very slow
A: high MP 1, forlorn, divine attributes
a: no special abilities


You were on level 3 of the Dungeon.
You visited 1 branch of the dungeon, and saw 3 of its levels.

You collected 103 gold pieces.


Innate Abilities, Weirdness & Mutations

You have an increased reservoir of magic. (+10% MP)
You shall have no god before yourself.
Your divine heritage dramatically boosts your attributes as you level up.


   Skills:
 - Level 2.3 Fighting
 + Level 5.4 Ranged Weapons
 - Level 2.1 Dodging
 - Level 0.8 Stealth


You had 3 spell levels left.
You didn't know any spells.
Your spell library was empty.

Inventory:

Hand Weapons
 e - a +0 heavy orcbow (weapon)
Armour
 c - a +0 leather armour (worn)
Scrolls
 d - a scroll of brand weapon
 g - a scroll of teleportation {unknown}
Potions
 f - a potion of enlightenment {unknown}

Dungeon Overview and Level Annotations

Branches:
Dungeon (3/15)

Annotations:
D:3 Ijyb


Message History

The black bear claws you. The black bear bites you!
The black bear claws you but does no damage.
The black bear claws you.
You shoot an arrow. The arrow hits the black bear!!
You kill the black bear!
Your Ranged Weapons skill increases to level 5!
You have reached level 4!
You start resting.
HP restored.
g - a scroll labelled JARPHEC JATHILEITE A ball python comes into view.
You shoot an arrow. The arrow hits the ball python!!
You kill the ball python!
Ijyb the Twisted Goblin comes into view.
She is wielding a +0 dagger of draining and carrying a wand of light.
You shoot an arrow. The arrow hits Ijyb but does no damage.
You shoot an arrow. The arrow barely misses Ijyb.
Ijyb zaps a wand.
The bolt of light hits you!!
Ouch! That really hurt!
You shoot an arrow. The arrow barely misses Ijyb.
Ijyb zaps a wand.
The bolt of light hits you!
You are confused.
1543 ||| DRINKING clear potion.
It was a potion of heal wounds.
You feel much better.
Ijyb zaps a wand.
The bolt of light hits you!!
You are more confused.
Ouch! That really hurt!
1544 ||| DRINKING lumpy golden potion.
It was a potion of berserk rage.
A red film seems to cover your vision as you go berserk!
You feel yourself moving faster!
You feel mighty!
Ijyb zaps a wand.
The bolt of light misses you.
You feel a strong urge to attack something.
Ijyb zaps a wand.
The bolt of light hits you!
You feel your anger nearly subside.
You feel less confused.
You are no longer berserk.
You are exhausted.
You feel yourself slow down.
You shoot an arrow. The arrow hits Ijyb!
Ijyb is heavily wounded.
Ijyb barely misses you.
Ijyb zaps a wand.
The bolt of light hits you!
You die...

.. .... #. ........#.##
#.......#..#
........##.#
........#.# .# ..
####......#.####...#
...............@g.....#
#.. #..........###...#
.##.##..........# #
............%...#
........%........#
.........[........#
.......<......#....#
...............##..#
...............# ....


You could see Ijyb.

Vanquished Creatures
  A black bear (D:3)
  A gnoll (D:1)
  An adder (D:2)
  A dart slug (D:2)
  2 bats (D:2)
  An endoplasm (D:1)
  3 giant cockroaches
  2 hobgoblins (D:1)
  2 quokkas (D:1)
  2 ball pythons
  5 frilled lizards
  2 kobolds (D:2)
  6 rats
29 creatures vanquished.

Notes
Turn   | Place    | Note
-------+----------+-------------------------------------------
     0 | D:1      | qw the Demigod Hunter began the quest for the Orb.
     0 | D:1      | Reached XP level 1. HP: 17/17 MP: 3/3
     0 | D:1      | 0 ||| qw: Version: 0.3-a-155-g5e7d8dd
     0 | D:1      | 0 ||| qw: Game counter: 359
     0 | D:1      | 0 ||| qw: Melee chars always use a shield: true
     0 | D:1      | 0 ||| qw: God list: Okawaru
     0 | D:1      | 0 ||| qw: Allow faded altars: false
     0 | D:1      | 0 ||| qw: Do Orc after clearing Dungeon:15 true
     0 | D:1      | 0 ||| qw: Do second Lair branch before Depths: true
     0 | D:1      | 0 ||| qw: Lair rune preference: random
     0 | D:1      | 0 ||| qw: Goals: Normal
     0 | D:1      | 0 ||| PLANNING D:1-11
    67 | D:1      | 67 ||| SWAPPING to +0 orcbow.
    69 | D:1      | 69 ||| DROPPING +0 shortbow.
   147 | D:1      | Reached skill level 4 in Ranged Weapons
   150 | D:1      | Reached XP level 2. HP: 24/24 MP: 4/4
   545 | D:1      | 545 ||| READING 2 scrolls labelled UJIWKA ULLUU.
   545 | D:1      | 545 ||| BRANDING +0 orcbow.
   546 | D:1      | 546 ||| DROPPING scroll of butterflies.
   716 | D:2      | Reached XP level 3. HP: 28/29 MP: 5/5
  1324 | D:2      | 1324 ||| READING scroll labelled MOH IPACAKH.
  1460 | D:3      | Noticed a black bear
  1465 | D:3      | Killed a black bear
  1466 | D:3      | Reached skill level 5 in Ranged Weapons
  1466 | D:3      | Reached XP level 4. HP: 18/36 MP: 6/6
  1539 | D:3      | Noticed Ijyb
  1542 | D:3      | HP: 5/36 [Ijyb/bolt of light (13)]
  1543 | D:3      | 1543 ||| DRINKING clear potion.
  1544 | D:3      | 1544 ||| DRINKING lumpy golden potion.
  1548 | D:3      | Killed from afar by Ijyb

Levels and vault maps discovered:
D:1:      dpeg_arrival_pits, layout_basic,
          shapermc_ecumenical_altar_mp_ritualfount, hangedman_decor_push
D:2:      layout_basic, basic_altar
D:3:      layout_rooms, gammafunk_ghost_split, uniq_ijyb

Skill      XL: |  1  2  3 |
---------------+----------+-----
Ranged Weapons | 4 5 |  5.4
Fighting       | 2 |  2.3
Dodging        | 2 |  2.1
Stealth        | |  0.8

Action                     |  1- 3 |  4- 6 || total
---------------------------+-------+-------++-------
   Fire: Orcbow            |    51 |     5 ||    56
         Shortbow          |     4 |       ||     4
    Use: Scroll            |     2 |       ||     2
         Potion            |       |     2 ||     2
 Armour: Leather armour    |    12 |     5 ||    17
  Dodge: Dodged            |    11 |     2 ||    13

Table legend:
 A = Non-vault XP
 B = Vault XP
 C = Vault XP percentage of total XP
 D = Non-vault monster count
 E = Vault monster count
 F = Vault count percentage of total count
                 A         B        C        D         E       F
            +---------+---------+-------+---------+---------+-------
      Total |     195 |       0 |   0.0 |      29 |       0 |   0.0
            +---------+---------+-------+---------+---------+-------
        D:1 |      39 |       0 |   0.0 |      18 |       0 |   0.0
        D:2 |      25 |       0 |   0.0 |       8 |       0 |   0.0
        D:3 |     131 |       0 |   0.0 |       3 |       0 |   0.0
            +---------+---------+-------+---------+---------+-------
